 Dungeon Crawl Stone Soup version 0.29-a0-994-gc5c9f59d18 (webtiles) character file.

Game seed: 15947866719212721135

25970 ytrimaz the Tortoise (level 13, -5/69 (86) HPs)
             Began as a Formicid Fighter on Aug 3, 2022.
             Was an Elder of Okawaru.
             Slain by an orc knight
             ... wielding a +0 battleaxe
              (37 damage)
             ... on level 1 of the Orcish Mines.
             The game lasted 00:22:58 (17856 turns).

ytrimaz the Tortoise (Formicid Fighter)            Turns: 17856, Time: 00:22:59

HP:   -5/69 (86)    AC: 28    Str: 26    XL:     13   Next: 54%
MP:   16/18         EV: 14    Int: 12    God:    Okawaru [****..]
Gold: 1944          SH: 11    Dex: 13    Spells: 12/12 levels left

rFire   . . .      SeeInvis +   U - +3 battleaxe
rCold   + + +      Faith    .   c - +0 buckler
rNeg    . . .      Spirit   .   R - +2 plate armour {rC+}
rPois   +          Reflect  +   (helmet unavailable)
rElec   .          Harm     .   o - +0 cloak
rCorr   .          Rampage  .   (no gloves)
Will    +....                   (no boots)
Stlth   ..........              e - amulet of reflection
HPRegen 0.21/turn               r - +4 ring of protection
MPRegen 0.16/turn               u - ring "Kearo" {*Slow rPois rC++ EV+4 Int+4}

@: heroic, heavily drained
A: permanent stasis, dig shafts and tunnels, antennae 3, four strong arms
a: Dig, Shaft Self, Renounce Religion, Heroism, Finesse


You were on level 1 of the Orcish Mines.
You worshipped Okawaru.
Okawaru was greatly pleased with you.
You visited 3 branches of the dungeon, and saw 16 of its levels.
You also visited: Ossuary.

You collected 1944 gold pieces.

Inventory:

Hand Weapons
 a - a +0 war axe
 j - a +2 hand axe of flaming
 S - a +0 battleaxe
 U - a +3 battleaxe (weapon)
Missiles
 d - a throwing net
 x - 24 boomerangs
Armour
 c - a +0 buckler (worn)
 o - a +0 cloak (worn)
 C - +0 acid dragon scales
 M - +0 steam dragon scales
 R - a +2 plate armour of cold resistance (worn)
Jewellery
 e - an amulet of reflection (around neck)
 n - a ring of protection from fire
 q - the ring "Mywniaga" {rN+ Str+2 Dex+2}
   (You found it on level 3 of the Dungeon)

   [ring of positive energy]

   Str:       It affects your strength (+2).
   Dex:       It affects your dexterity (+2).
   rN:        It protects you from negative energy.
 r - a +4 ring of protection (left hand)
 t - a ring of resist corrosion
 u - the ring "Kearo" (right hand) {*Slow rPois rC++ EV+4 Int+4}
   (You found it on level 11 of the Dungeon)

   [ring of evasion]

   EV:        It affects your evasion (+4).
   Int:       It affects your intelligence (+4).
   rC:        It greatly protects you from cold.
   rPois:     It protects you from poison.
   *Slow:     It may slow you when you take damage.
 v - an amulet of guardian spirit
 J - a +6 ring of intelligence
 O - a +6 ring of strength
 T - a ring of positive energy
Wands
 b - a wand of light (4)
 p - a wand of charming (16)
 H - a wand of iceblast (14)
 L - a wand of digging (7)
 P - a wand of flame (3)
Scrolls
 l - 5 scrolls of noise
 y - 3 scrolls of enchant weapon
 E - a scroll of acquirement
 F - 2 scrolls of poison
 G - 4 scrolls of enchant armour
 I - a scroll of magic mapping
 Q - a scroll of fear
Potions
 f - 3 potions of resistance
 g - 3 potions of mutation
 h - 4 potions of lignification
 i - 2 potions of invisibility {unknown}
 k - 5 potions of curing
 s - 2 potions of brilliance {unknown}
 w - a potion of cancellation {unknown}
 A - 2 potions of attraction {unknown}
 B - 3 potions of magic
 D - 2 potions of ambrosia
 K - a potion of haste {unknown}
 N - 4 potions of flight {unknown}
Miscellaneous
 z - a condenser vane


   Skills:
 - Level 3.2(8.2) Fighting
 + Level 16.2(21.2) Axes
 + Level 18.4(23.4) Armour
 - Level 4.0(9.0) Shields
 + Level 6.6 Invocations


You had 12 spell levels left.
You didn't know any spells.
Your spell library contained the following spells:

 Spells                   Type           Power      Damage    Failure   Level
 Shock                    Conj/Air       0%         1d3       83%         1
 Ensorcelled Hibernation  Hex/Ice        0%         N/A       93%         2
 Passwall                 Tmut/Erth      0%         N/A       93%         2
 Scorch                   Fire           0%         2d5       93%         2
 Sublimation of Blood     Necr           0%         N/A       93%         2
 Airstrike                Air            0%         2d(0-16)  100%        4
 Flame Wave               Conj/Fire      0%         2d4       100%        4
 Petrify                  Tmut/Erth      0%         N/A       100%        4
 Irradiate                Conj/Tmut      0%         3d11      100%        5
 Chain Lightning          Conj/Air       0%         N/A       100%        9
 Fire Storm               Conj/Fire      0%         5d1       100%        9
 Shatter                  Erth           0%         3d5*      100%        9
 Swiftness                Air            Unusable   N/A       N/A         3
 Summon Cactus Giant      Summ           Unusable   N/A       N/A         6

Dungeon Overview and Level Annotations

Branches:
Dungeon (13/15)            Temple (1/1) D:6            Lair (0/5) D:9
    Orc (2/2) D:12            Elf (0/3) Orc:2       Ossuary (visited)
 Vaults: D:13-14

Altars:
Ashenzari
Cheibriados
Dithmenos
Elyvilon
Fedhas
Gozag
Hepliaklqana
Kikubaaqudgha
Makhleb
Nemelex Xobeh
Okawaru
Qazlal
Ru
Sif Muna
Trog
Uskayaw
Vehumet
Wu Jian
Xom
Yredelemnul
Zin
The Shining One

Shops:
Orc:1 :

Annotations:
D:2 1 runed translucent door, Crazy Yiuf
Orc:1 3 runed translucent doors, Befih's ghost, journeyman DgWr; Newt's ghost, journeyman GrMo; Teitos's ghost, journeyman MiFi; contendunt's ghost, journeyman MiFi
Orc:2 Saint Roka


Innate Abilities, Weirdness & Mutations

You cannot be hasted, slowed, berserked, paralysed or teleported.
You can dig through walls and to a lower floor.
You have a pair of large antennae on your head. (SInv)
Your four strong arms can wield two-handed weapons with a shield.


Message History

The warg attacks as you move away! The warg bites you but does no damage.
You block the warg's attack. The warg attacks as you move away!
You block the warg's attack. The warg attacks as you move away!
You block the warg's attack. x2
The warg attacks as you move away! You block the warg's attack.
The warg bites you but does no damage. The warg closely misses you.
The orc knight roars a battlecry!
There is a stone staircase leading up here.
You hit the warg.
The warg is lightly wounded.
You block the warg's attack.
Unknown command.
You slash the warg!
The warg is heavily wounded.
The warg bites you but does no damage. The warg barely misses you.
You slash the warg!
The warg is severely wounded.
The warg bites you.
You completely miss the warg.
The warg is severely wounded.
You block the warg's attack.
You closely miss the warg.
The warg is severely wounded.
The orc warrior no longer looks unusually strong.
You block the warg's attack.
Unknown command.
You block the warg's attack.
Saint Roka roars a battlecry!
The orcs go into a battle-frenzy!
The warg misses you.
You climb upwards.
Level annotation: 3 runed translucent doors, Befih's ghost, journeyman DgWr; Newt's ghost, journeyman GrMo; Teitos's ghost, journeyman MiFi; contendunt's ghost, journeyman MiFi
There is a stone staircase leading down here.
Unknown command.
You gain the combat prowess of a mighty hero.
The warg closely misses you.
The orc knight hits you with a +0 battleaxe!!!
Ouch! That really hurt!
You die...

### ##.## ## #...# #.
#####.## #. #......###
####. ##h.....#.#
#.... ###@o..[....##
#....
##.##..[#.....###...#
#.##..[<#.))......)##
##....[[##..).......##
#.....)[###))......###
#.......####...)....##
##.......##....))....#
####....#......).....
#.......##.##.....


You could see an orc knight (strong) and a warg.

Vanquished Creatures
  An orc warlord (Orc:2)
  A hydra (D:12)
  A centaur warrior (D:12)
  2 two-headed ogres (D:9)
  A tengu warrior (D:12)
  2 orc knights
  A deep elf pyromancer (D:12)
  2 orc sorcerers (Orc:2)
  2 ugly things
  A cyclops (D:12)
  2 manticores (D:12)
  2 gargoyles
  2 rime drakes (D:11)
  2 komodo dragons
  2 trolls
  A hornet (D:8)
  2 shadows
  3 wyverns
  4 wraiths
  29 yaks
  A hog (shapeshifter) (D:13)
  2 vampire mosquitoes
  2 wargs
  6 steam dragons
  Menkaure (D:4)
  An acid dragon (D:9)
  6 water moccasins
  23 orc warriors
  A sky beast (D:6)
  5 black bears
  An ice beast (D:5)
  10 ogres
  8 centaurs
  A phantom (D:4)
  Blork the orc (Orc:2)
  6 kobold brigands
  2 elf zombies (Ossuary)
  3 bullfrogs
  4 gnoll sergeants
  3 scorpions
  A necrophage (D:8)
  4 wights (D:6)
  10 killer bees
  4 electric eels (D:10)
  4 howler monkeys
  13 orc priests
  5 hounds
  2 jellies
  A human zombie (Ossuary)
  5 iguanas
  Terence (D:2)
  21 orc wizards
  A hound zombie (Ossuary)
  4 mummies (Ossuary)
  9 gnolls
  8 adders
  A white imp (D:8)
  An ufetubus (D:6)
  2 adder zombies (Ossuary)
  3 worms
  3 dart slugs
  56 orcs
  10 ball pythons
  9 endoplasms
  A giant cockroach (D:2)
  A gnoll zombie (Ossuary)
  5 goblins
  6 hobgoblins
  9 jackals (D:2)
  5 quokkas
  5 bats
  3 frilled lizards
  A jackal zombie (Ossuary)
  23 kobolds
  2 kobold zombies (Ossuary)
  An orc zombie (Ossuary)
  3 rats
  A rat zombie (Ossuary)
394 creatures vanquished.

Vanquished Creatures (others)
  50 fungi
  55 plants
105 creatures vanquished.

Grand Total: 499 creatures vanquished

Notes
Turn   | Place    | Note
-------+----------+-------------------------------------------
     0 | D:1      | ytrimaz the Formicid Fighter began the quest for the Orb.
     0 | D:1      | Reached XP level 1. HP: 18/18 MP: 1/1
   300 | D:1      | Found a faded altar of an unknown god.
   442 | D:1      | Reached XP level 2. HP: 17/24 MP: 2/2
  1081 | D:2      | Reached XP level 3. HP: 29/29 MP: 3/3
  1218 | D:2      | Found a runed translucent door.
  1219 | D:2      | Noticed Crazy Yiuf
  1477 | D:2      | Reached XP level 4. HP: 35/35 MP: 4/4
  1696 | D:2      | Noticed Terence
  1706 | D:2      | Killed Terence
  2182 | D:3      | Reached XP level 5. HP: 40/40 MP: 5/5
  2199 | D:3      | Reached skill level 5 in Axes
  2736 | D:3      | Reached XP level 6. HP: 30/47 MP: 6/6
  3132 | D:3      | Identified the ring "Mywniaga" {rN+ Str+2 Dex+2}
  3278 | D:4      | Noticed a black bear
  3290 | D:4      | Killed a black bear
  3498 | D:4      | Reached XP level 7. HP: 50/52 MP: 7/7
  3749 | D:4      | Found a bloodstained altar of Trog.
  3813 | D:4      | Noticed Menkaure
  3818 | D:4      | Killed Menkaure
  4198 | D:4      | Found an ornate altar of the Wu Jian Council.
  4325 | D:5      | Entered Level 5 of the Dungeon
  4449 | D:5      | Reached XP level 8. HP: 54/58 MP: 8/8
  5148 | D:6      | Reached skill level 10 in Axes
  5148 | D:6      | Found a staircase to the Ecumenical Temple.
  5337 | D:6      | Reached XP level 9. HP: 47/64 MP: 9/9
  5503 | D:6      | Found a sand-covered staircase.
  5519 | Ossuary  | Entered an ossuary
  5724 | Ossuary  | Identified 2 scrolls of acquirement
  5740 | D:6      | Acquired a manual of Armour
  5801 | D:6      | Found an ancient bone altar of Kikubaaqudgha.
  6374 | D:6      | Found a burning altar of Makhleb.
  6578 | D:6      | Found a sparkling altar of Nemelex Xobeh.
  6669 | Temple   | Entered the Ecumenical Temple
  6839 | Temple   | Became a worshipper of Warmaster Okawaru
  7090 | D:7      | Found a broken altar of Ashenzari.
  7460 | D:7      | Found a glowing golden altar of the Shining One.
  7552 | D:7      | Found a hazy altar of Hepliaklqana.
  7796 | D:8      | Reached XP level 10. HP: 61/70 MP: 10/10
  7903 | D:8      | Reached * piety under Okawaru
  8098 | D:8      | Reached skill level 4 in Armour
  8394 | D:8      | Reached ** piety under Okawaru
  8395 | D:8      | Reached skill level 5 in Armour
  9377 | D:9      | Noticed a two-headed ogre
  9387 | D:9      | Killed a two-headed ogre
  9705 | D:9      | Found a shimmering altar of Xom.
  9727 | D:9      | Reached skill level 6 in Armour
  9817 | D:9      | Reached skill level 15 in Axes
  9893 | D:9      | Reached XP level 11. HP: 54/75 MP: 9/11
  9910 | D:9      | Reached *** piety under Okawaru
  9911 | D:9      | Reached skill level 7 in Armour
  9911 | D:9      | Reached skill level 1 in Invocations
  9918 | D:9      | Noticed a two-headed ogre
  9926 | D:9      | Killed a two-headed ogre
  9935 | D:9      | Reached skill level 8 in Armour
 10298 | D:9      | Reached skill level 9 in Armour
 10318 | D:9      | Reached **** piety under Okawaru
 10382 | D:9      | Found a staircase to the Lair.
 10696 | D:9      | Reached skill level 10 in Armour
 10893 | D:9      | Reached skill level 11 in Armour
 11295 | D:9      | Reached skill level 12 in Armour
 11516 | D:10     | Entered Level 10 of the Dungeon
 12089 | D:10     | Reached XP level 12. HP: 65/81 MP: 14/14
 12420 | D:10     | Reached skill level 13 in Armour
 12966 | D:11     | Acquired 594 gold pieces
 13177 | D:11     | Found a frozen archway.
 13324 | D:11     | Reached skill level 14 in Armour
 13337 | D:11     | Reached ***** piety under Okawaru
 13592 | D:11     | Identified the ring "Kearo" {*Slow rPois rC++ EV+4 Int+4}
 13784 | D:12     | Reached skill level 15 in Armour
 14226 | D:12     | Noticed a centaur warrior
 14721 | D:12     | Killed a centaur warrior
 14722 | D:12     | Reached skill level 16 in Armour
 15059 | D:12     | Found a staircase to the Orcish Mines.
 15080 | D:12     | Noticed an eight-headed hydra
 15093 | D:12     | Killed a two-headed hydra
 15104 | D:12     | Received a gift from Okawaru
 15348 | D:12     | Identified the +3 scale mail "Aniocruk" {rC+}
 16063 | D:12     | Reached skill level 17 in Armour
 16358 | D:13     | Noticed a boulder beetle
 16358 | D:13     | Noticed a tengu warrior
 16358 | D:13     | Noticed a tengu warrior
 16376 | D:13     | Reached XP level 13. HP: 70/86 MP: 8/16
 16419 | D:12     | Reached skill level 5 in Invocations
 16580 | Orc:1    | Entered Level 1 of the Orcish Mines
 16806 | Orc:1    | Found Zadwysch's Vocational Training.
 16822 | Orc:1    | Found a runed translucent gate.
 16822 | Orc:1    | Found a runed translucent gate.
 16822 | Orc:1    | Found a runed translucent gate.
 17158 | Orc:1    | Noticed Newt's ghost (journeyman GrMo)
 17158 | Orc:1    | Noticed contendunt's ghost (journeyman MiFi)
 17159 | Orc:1    | Noticed Befih's ghost (journeyman DgWr)
 17159 | Orc:1    | Noticed Teitos's ghost (journeyman MiFi)
 17240 | Orc:2    | Entered Level 2 of the Orcish Mines
 17240 | Orc:2    | Found a staircase to the Elven Halls.
 17416 | Orc:2    | Noticed an orc warlord
 17433 | Orc:2    | Reached skill level 18 in Armour
 17448 | Orc:2    | Killed an orc warlord
 17776 | Orc:2    | Noticed Blork the orc
 17806 | Orc:2    | Noticed Saint Roka
 17807 | Orc:2    | Killed Blork the orc
 17856 | Orc:1    | Slain by an orc knight

Illustrated notes

Levels and vault maps discovered:
D:1:      mushboom_english_gardens, layout_basic,
          nicolae_ecumenical_snake_handling
D:2:      layout_loops_ring, minivault_27, small_statue_intersection,
          uniq_crazy_yiuf_cottage, uniq_terence
D:3:      layout_loops_ring
D:4:      layout_layer_cave, lightli_temple_of_fire, lemuel_crystal_altar,
          serial_bayou_pond_b, uniq_menkaure
D:5:      layout_gridville
D:6:      layout_loops_cross, lemuel_doored_altar, kennysheep_little_box,
          amcnicky_altar_gilded, minmay_temple_entry_gardened_gates,
          nicolae_ossuary_entry_ruins, dreamdust_mushroom_princess,
          minmay_circle_x
D:7:      layout_rooms, mainiacjoe_overflow_alcove_4,
          ashenzari_conservatory_becter, lemuel_coloured_pillars_altar,
          minmay_misc_feat_nine_boxes, chequers_serial_rivers_micro_c
D:8:      layout_loops_corners, grunt_ogre_cave, hangedman_decor_push
D:9:      minmay_octagon_keep, layout_irregular_city, overflow_temple_1_default,
          due_lair_maze_entry_diamond
D:10:     layout_basic, dk_noncrumbling_2
D:11:     layout_roguey, portal_ice_cave_rime
D:12:     layout_grid_maze, erik_orc_4
D:13:     layout_basic, gammafunk_ghost_ooze, serial_shops, shop_fountains
Temple:   nicolae_temple_bog_church
Orc:1:    layout_diamond_mine, gammafunk_ghost_cemetery, nicolae_shop_vocational
Orc:2:    grunt_orc_cross, layout_diamond_mine, basic_altar

Skill      XL: |  1  2  3  4  5  6  7  8  9 10 11 12 13 |
---------------+----------------------------------------+-----
Axes           | 3 4 5 6 8 10 13 15 16 | 16.2
Armour         | 6 12 17 18 | 18.4
Invocations    | 2 4 6 |  6.6
Fighting       | |  3.2
Shields        | |  4.0

Action                   |  1- 3 |  4- 6 |  7- 9 | 10-12 | 13-15 || total
-------------------------+-------+-------+-------+-------+-------++-------
Melee: War axe           |    61 |       |       |       |   155 ||   216
       Hand axe          |    15 |   127 |   266 |   674 |   107 ||  1189
       Battleaxe         |       |       |       |       |    33 ||    33
Invok: Heroism           |       |       |       |    12 |     8 ||    20
       Finesse           |       |       |       |     2 |     3 ||     5
 Abil: Dig               |       |     2 |     2 |     1 |     1 ||     6
  Use: Scroll            |     4 |       |    10 |     9 |     1 ||    24
       Potion            |       |     1 |       |     8 |     3 ||    12
Armor: Scale mail        |    35 |    49 |   108 |   117 |       ||   309
       Chain mail        |       |       |       |    65 |       ||    65
       Plate armour      |       |       |       |    47 |   102 ||   149
Dodge: Dodged            |    39 |    47 |    76 |   213 |   109 ||   484
Block: Buckler           |    18 |    50 |   122 |   283 |   146 ||   619
       Reflection        |       |     1 |     2 |    11 |     2 ||    16

Table legend: (Time is in decaauts)
 A = Elapsed time spent in this place.
 B = Non-inter-level travel time spent in this place.
 C = Inter-level travel time spent in this place.
 D = Time resting spent in this place.
 E = Time spent auto-exploring this place.
 F = Levels seen in this place.
 G = Mean time per level.
                   A        B        C        D        E       F      G
               +--------+--------+--------+--------+--------+-----+--------+
         Total |  17470 |  17002 |    468 |   1987 |  12046 |  17 | 1027.6 |
       Dungeon |  15909 |  15489 |    420 |   1980 |  11055 |  13 | 1223.8 |
        Temple |    189 |    164 |     25 |      0 |    149 |   1 |  189.0 |
  Orcish Mines |   1161 |   1138 |     23 |      7 |    760 |   2 |  580.5 |
       Ossuary |    209 |    209 |      0 |      0 |     82 |   1 |  209.0 |
               +--------+--------+--------+--------+--------+-----+--------+

Top non-repeatable levels by time:
    D:12: 2722 daAuts
     D:8: 1861 daAuts
     D:9: 1819 daAuts
     D:2: 1351 daAuts
    D:10: 1341 daAuts
     D:6: 1291 daAuts
     D:4: 1064 daAuts
     D:1: 986 daAuts
     D:3: 953 daAuts
     D:7: 851 daAuts
     D:5: 811 daAuts
    D:11: 792 daAuts
   Orc:1: 607 daAuts
   Orc:2: 554 daAuts
 Ossuary: 209 daAuts
